 Dungeon Sprint DCSS version 0.31-a0-844-gdc52ec4e09 (webtiles) character file.

Game seed: 1971356772006949044

65 sircluck the Ruffian (level 3, -1/40 HPs)
             Began as a Troll Berserker on Sept 29, 2023.
             Was a Believer of Trog.
             Slain by Sonja
             ... wielding a +3 short sword of distortion
              (5 damage)
             ... in the Dungeon (Sprint VII: "The Pits").
             The game lasted 00:00:16 (30 turns).

sircluck the Ruffian (Troll Berserker)                Turns: 30, Time: 00:00:17

Health: -1/40      AC:  4    Str: 27    XL:     3   Next: 92%
Magic:  2/2        EV: 10    Int:  3    God:    Trog [**....]
Gold:   0          SH:  0    Dex:  9    Spells: 2/2 levels left

rFire   . .          .
                       - Unarmed
rCold   . . .        (no shield)
rNeg    . . .        a - +0 animal skin
rPois   .            (helmet restricted)
rElec   .            (no cloak)
rCorr   .            (gloves unavailable)
SInv    .            (boots unavailable)
Will    .....        (no amulet)
Stlth   +            (no ring)
HPRegen 1.06/turn    (no ring)
MPRegen 0.08/turn

%: no teleportation
@: lethally poisoned (-1 -> -2), on berserk cooldown, slowed, very slow
A: large, unfitting armour, claws 3, regeneration 1, shaggy fur 1, tough skin 1
a: Renounce Religion, Berserk, Trog's Hand


You were in the Dungeon.
You worshipped Trog.
Trog was pleased with you.
You visited 1 branch

Inventory:

Armour
 a - a +0 animal skin (worn)
Scrolls
 g - a scroll of blinking
Potions
 b - a potion of curing
 c - a potion of heal wounds
 d - a potion of haste
 e - 2 potions of magic
 f - a potion of berserk rage


   Skills:
 + Level 4.4 Fighting
 + Level 4.3 Dodging
 + Level 5.3 Unarmed Combat


You had 2 spell levels left.
You didn't know any spells.
Your spell library was empty.

Dungeon Overview and Level Annotations

Branches:
Dungeon (1/1)

Altars:

Annotations:
D Sonja


Innate Abilities, Weirdness & Mutations

You are too large for most types of armour.
You have claws for hands.
Your natural rate of healing is unusually fast.
You are covered in fur. (AC +1)
You have tough skin. (AC +1)


Message History

Items here: ))) [[ †.
You mangle the river rat!!
You kill the river rat!
Trog accepts your kill.
You feel sick.
Sonja throws a curare-tipped dart.
The curare-tipped dart hits you.
You are more poisoned.
You have difficulty breathing.
You feel as though you will be slow longer.
An orc wizard comes into view. It is wielding a +0 dagger.
The orc hits you with a +0 club.
* * * LOW HITPOINT WARNING * * *
The orc wizard shouts!
You claw the orc!
You kill the orc!
Trog accepts your kill.
You feel sick.
You hear a shout!
You feel very sick.
Sonja gestures wildly while chanting.
Sonja blinks!
A komodo dragon comes into view.
You feel a strong urge to attack something.
You are no longer berserk.
You are exhausted.
You feel as though you will be slow longer.
You feel sick. The orc wizard barely misses you.
The komodo dragon moves out of view.
You see here a river rat corpse.
Unknown command.
Unknown command.
Unknown command.
Unknown command.
You scratch Sonja.
Sonja is lightly wounded.
You feel sick.
Sonja hits you with a +3 short sword of distortion.
* * * LOW HITPOINT WARNING * * *
Sonja hits you with a +3 short sword of distortion.
You die...

#......#..#......#
#................#
####'#####''######
#.......##''#
#.......##..##
#.......##...##
#...<...###...##+##..
#.......# ##K........
#.......# #)@###+###.
#.......##.l##
##########..o #.. ##.
##


You could see a komodo dragon and Sonja.

Vanquished Creatures
  An orc priest (D)
  An orc wizard (D)
  A river rat (D)
  2 orcs (D)
5 creatures vanquished.

Notes
Turn   | Place    | Note
-------+----------+-------------------------------------------
     0 | D        | sircluck the Troll Berserker began the quest for the Orb.
     0 | D        | Reached XP level 1. HP: 22/22 MP: 0/0
    16 | D        | Noticed an orc priest
    16 | D        | Noticed an orc wizard
    16 | D        | Noticed Sonja
    19 | D        | Killed an orc wizard
    20 | D        | Reached skill level 4 in Unarmed Combat
    20 | D        | Reached XP level 2. HP: 31/31 MP: 1/1
    23 | D        | Reached ** piety under Trog
    24 | D        | Reached skill level 5 in Unarmed Combat
    24 | D        | Reached XP level 3. HP: 39/39 MP: 2/2
    29 | D        | Noticed a komodo dragon
    30 | D        | Slain by Sonja

Illustrated notes

Levels and vault maps discovered:
D:        pitsprint [storerooms_1, entrance_room_1, metal_vault_5, armoury_1,
          mini_pit_1, grid_room_1, main_hall_1, silver_pit, the_coven_1,
          the_vestibule_1, steel_vault_2, golden_pit, hallway_of_sentries,
          crystal_vault_5, iron_vault_4, final_vault]

Skill      XL: |  1  2 |
---------------+-------+-----
Fighting       | 3 4 |  4.4
Dodging        | 3 4 |  4.3
Unarmed Combat | 4 5 |  5.3

Action                     || total
---------------------------++-------
  Melee: Unarmed           ||     9
 Invoke: Berserk           ||     1
 Armour: Animal skin       ||     6
  Dodge: Dodged            ||     3

Table legend: (Time is in decaauts)
 A = Elapsed time spent in this place.
 B = Non-inter-level travel time spent in this place.
 C = Inter-level travel time spent in this place.
 D = Time resting spent in this place.
 E = Time spent auto-exploring this place.
 F = Levels seen in this place.
 G = Mean time per level.
                   A        B        C        D        E       F      G
               +--------+--------+--------+--------+--------+-----+--------+
         Total |     27 |     27 |      0 |      0 |     16 |   1 |   27.0 |
       Dungeon |     27 |     27 |      0 |      0 |     16 |   1 |   27.0 |
               +--------+--------+--------+--------+--------+-----+--------+

Top non-repeatable levels by time:
       D: 27 daAuts
